 Dungeon Crawl Stone Soup version 0.29.1-2-gbd0b4ee654 (webtiles) character file.

Game seed: 17630919281209913916

31 qeuew the Sneak (level 3, -3/22 HPs)
             Began as a Kobold Brigand on Nov 15, 2022.
             Killed from afar by Sigmund (14 damage)
             ... with a bolt of light
             ... on level 2 of the Dungeon.
             The game lasted 00:02:07 (1376 turns).

qeuew the Sneak (Kobold Brigand)                    Turns: 1376, Time: 00:02:08

Health: -3/22      AC:  3    Str:  8    XL:     3   Next: 40%
Magic:  3/3        EV: 14    Int: 12    God:
Gold:   603        SH:  0    Dex: 18    Spells: 2/2 levels left

rFire   . . .      SeeInvis .   a - +2 dagger
rCold   . . .      Faith    .   (no shield)
rNeg    + . .      Spirit   .   b - +0 robe
rPois   .          Reflect  .   (no helmet)
rElec   .          Harm     .   c - +0 cloak
rCorr   .          Rampage  .   (no gloves)
Will    .....                   (no boots)
Stlth   ++........              (no amulet)
HPRegen 0.07/turn               f - ring of positive energy
MPRegen 0.08/turn               (no ring)

@: confused
A: small, no large weapons, nightstalker 3
a: no special abilities


You were on level 2 of the Dungeon.
You visited 1 branch of the dungeon, and saw 2 of its levels.

You collected 603 gold pieces.

Inventory:

Hand Weapons
 a - a +2 dagger (weapon)
Missiles
 d - 6 poisoned darts (quivered)
 e - 3 curare-tipped darts
Armour
 b - a +0 robe (worn)
 c - a +0 cloak (worn)
Jewellery
 f - a ring of positive energy (left hand)
 h - a +4 ring of evasion
Scrolls
 g - a scroll of silence {unknown}
 i - a scroll of identify


   Skills:
 + Level 2.5 Fighting
 + Level 3.2 Short Blades
 + Level 2.6 Throwing
 + Level 1.8 Dodging
 + Level 5.6 Stealth
 + Level 0.3 Spellcasting


You had 2 spell levels left.
You didn't know any spells.
Your spell library contained the following spells:

 Spells                   Type           Power      Damage    Failure   Level
 Foxfire                  Conj/Fire      0%         2x1d4     32%         1
 Conjure Flame            Conj/Fire      0%         6-21      67%         3
 Inner Flame              Hex/Fire       0%         N/A       67%         3
 Flame Wave               Conj/Fire      0%         2d4       97%         4


Dungeon Overview and Level Annotations

Branches:
Dungeon (2/15)

Altars:

Shops:
D:1 (

Annotations:
D:2 Sigmund


Innate Abilities, Weirdness & Mutations

You are small and have problems with some larger weapons.
You are completely attuned to the shadows.


Message History

Sigmund misses you.
There is a stone staircase leading up here.
Throw: 9 darts (poison)
Press: ? - help, Q - select action, (/) - cycle Shift-Dir - straight line, f - Sigmund
Aim: Sigmund, wielding a +0 scythe, wearing a +0 robe and carrying a wand of light (14) (60% to hit)
You throw a poisoned dart.
The poisoned dart closely misses Sigmund.
Throw: 8 darts (poison)
Press: ? - help, Q - select action, (/) - cycle Shift-Dir - straight line, f/p - Sigmund
Aim: Sigmund, wielding a +0 scythe, wearing a +0 robe and carrying a wand of light (14) (60% to hit)
You throw a poisoned dart. The poisoned dart hits Sigmund.
Sigmund is poisoned.
Sigmund hits you from afar with a +0 scythe!
Unknown command.
Throw: 7 darts (poison)
Press: ? - help, Q - select action, (/) - cycle Shift-Dir - straight line, f/p - Sigmund
Aim: Sigmund, wielding a +0 scythe, wearing a +0 robe and carrying a wand of light (14) (lightly wounded, poisoned, 60% to hit)
You throw a poisoned dart. The poisoned dart hits Sigmund.
Sigmund looks even sicker.
Sigmund is lightly wounded.
Sigmund gestures at you while chanting.
You are confused.
Sigmund barely misses you.
You climb upwards.
There is a stone staircase leading down here.
You start resting.
You feel less confused.
You start resting.
HP restored.
You climb downwards.
Level annotation: Sigmund Sigmund zaps a wand.
The bolt of light hits you!
You are confused.
Ouch! That really hurt!
There is a stone staircase leading up here.
You are too injured to fight recklessly!
You are too injured to fight recklessly!
Sigmund zaps a wand.
The bolt of light hits you!
You are more confused.
Ouch! That really hurt!
You die...

..#..####
......... #..
.....####
##..#####.#
..........##
##>..........
#....†.#####.
### #.#†#..#
#@# #.##.#
#.#####....##.
#(@..#........
####.........@
..............
##.###........
#. #.)...... #
#........
#........


You could see Sigmund.

Vanquished Creatures
  2 endoplasms (D:1)
  2 giant cockroaches (D:1)
  6 goblins
  A hobgoblin (D:1)
  4 quokkas
  4 ball pythons (D:1)
  2 bats
  A frilled lizard (D:1)
  2 kobolds (D:1)
  4 rats (D:1)
28 creatures vanquished.

Notes
Turn   | Place    | Note
-------+----------+-------------------------------------------
     0 | D:1      | qeuew the Kobold Brigand began the quest for the Orb.
     0 | D:1      | Reached XP level 1. HP: 12/12 MP: 1/1
    19 | D:1      | Noticed an electric eel
   144 | D:1      | Reached XP level 2. HP: 17/18 MP: 2/2
   349 | D:1      | Found Okhoset's Weapon Boutique.
   401 | D:1      | Reached XP level 3. HP: 22/22 MP: 3/3
   894 | D:1      | Identified a scroll of acquirement
   894 | D:1      | Acquired 590 gold pieces
  1065 | D:2      | Noticed Sigmund
  1376 | D:2      | Killed from afar by Sigmund

Illustrated notes

Levels and vault maps discovered:
D:1:      arrival_aquarium_a, layout_loops_ring, serial_shops,
          nicolae_shop_hallway_plus
D:2:      layout_basic, ebering_ecumenical_altar_ruins, uniq_robin,
          uniq_terence, uniq_sigmund

Skill      XL: |  1  2 |
---------------+-------+-----
Short Blades   | 3 |  3.2
Fighting       | |  2.5
Throwing       | |  2.6
Dodging        | |  1.8
Stealth        | |  5.6
Spellcasting   | |  0.3

Action                   || total
-------------------------++-------
Melee: Dagger            ||    39
Throw: Dart              ||     3
  Use: Scroll            ||     4
 Stab: Sleeping          ||    18
Armor: Robe              ||    10
Dodge: Dodged            ||    16
